 Dungeon Crawl Stone Soup version 0.17.1-1-g73c8601 (webtiles) character file.

115 JustSomeDude the Insei (level 4, -11/36 HPs)
             Began as a Demonspawn Monk on Dec 15, 2015.
             Was an Elder of Cheibriados.
             Mangled by Pikel
             ... wielding a +2 whip of electrocution
              (12 damage)
             ... on level 4 of the Dungeon.
             The game lasted 00:14:02 (1647 turns).

JustSomeDude the Insei (Demonspawn Monk)            Turns: 1647, Time: 00:14:02

Health: -11/36     AC:  6    Str: 21    XL:     4   Next: 68%
Magic:  5/5        EV:  9    Int: 20    God:    Cheibriados [****..]
Gold:   106        SH: 13    Dex: 27    Spells: 0 memorised, 3 levels left

rFire  . . .     SeeInvis .       - Unarmed
rCold  . . .     Clarity  .     e - +0 ring mail
rNeg   . . .     SustAt   .     p - +0 large shield
rPois  .         Gourm    .     (no helmet)
rElec  .         Spirit   .     (no cloak)
rCorr  .         Warding  .     (no gloves)
rMut   .         Stasis   .     j - +0 pair of boots
MR     .....                    (no amulet)
Stlth  +++.......               (no ring)
                                (no ring)

@: about to teleport, very slow, not resistant to hostile enchantments, fairly
stealthy
A: thin skeletal structure 1, powered by death 1
a: Bend Time, Temporal Distortion, Slouch, Renounce Religion


You were on level 4 of the Dungeon.
You worshipped Cheibriados.
Cheibriados was greatly pleased with you.
You were not hungry.

You visited 1 branch of the dungeon, and saw 4 of its levels.

You collected 106 gold pieces.

Inventory:

Armour
 a - a +0 robe
 c - a +0 scale mail
 e - a +0 ring mail (worn)
 j - a +0 pair of boots (worn)
 p - a +0 large shield (worn)
Jewellery
 f - an uncursed ring of magical power {unknown}
Scrolls
 g - a scroll of remove curse
 i - 2 scrolls of teleportation
Potions
 d - a potion of degeneration {unknown}
Comestibles
 b - 3 bread rations
 h - a beef jerky
 l - 2 meat rations
 m - a royal jelly


   Skills:
 + Level 3.6 Fighting
 + Level 1.5 Armour
 + Level 3.1 Dodging
 + Level 2.0 Stealth
 + Level 0.3 Shields
 + Level 4.0 Unarmed Combat
 * Level 2.0 Invocations


You had 3 spell levels left.
You didn't know any spells.

Dungeon Overview and Level Annotations

Branches:
Dungeon (4/15)
 Temple: D:4-7

Altars:
Cheibriados
Fedhas
Makhleb
Ru
The Shining One

Annotations:
D:4 Pikel


Innate Abilities, Weirdness & Mutations

You have a somewhat thin skeletal structure (Dex +2, Stealth).
You regenerate a little health from kills.


Message History

Pikel is moderately wounded.
You block Pikel's attack.
You hit Pikel but do no damage.
Pikel is moderately wounded.
You block Pikel's attack.
You hit Pikel.
Pikel is moderately wounded.
Pikel closely misses you.
You hit Pikel.
Pikel is heavily wounded.
You block Pikel's attack.
You hit Pikel.
Pikel is heavily wounded.
Pikel hits you with a whip of electrocution!
You are electrocuted!
* * * LOW HITPOINT WARNING * * *
As you read the scroll of teleportation, it crumbles to dust.
You feel strangely unstable.
Pikel hits you with a whip of electrocution!
You die...

##. .... .....
#####......
#pK@.......
#p####..... #.#
...
#.............
.
...####.K#.#..#
.... .. ##.#.
#.# .#.# # .# #


You could see Pikel and 2 slaves.

Vanquished Creatures
  The ghost of asdu the Gusty, a weakling TeAE (D:3)
  2 adders (D:2)
  3 worms (D:2)
  A giant gecko (D:1)
  An orc (D:3)
  2 giant cockroaches
  6 goblins
  11 hobgoblins
  6 jackals
  2 kobolds (D:2)
  A quokka (D:3)
  A ball python skeleton (D:4)
  7 bats
  A giant newt (D:1)
  6 rats
51 creatures vanquished.

Notes
Turn   | Place    | Note
--------------------------------------------------------------
     0 | D:1      | JustSomeDude the Demonspawn Monk began the quest for the Orb.
     0 | D:1      | Reached XP level 1. HP: 18/18 MP: 1/1
    88 | D:1      | Found a glowing golden altar of the Shining One.
   232 | D:1      | Gained mutation: You regenerate a little health from kills. [demonic ancestry]
   232 | D:1      | Reached XP level 2. HP: 21/24 MP: 2/2
   673 | D:2      | Found a blossoming altar of Fedhas.
   674 | D:2      | Found a faded altar to an unknown god.
   682 | D:2      | Became a worshipper of Cheibriados the Contemplative
   682 | D:2      | Reached * piety under Cheibriados
   682 | D:2      | Reached ** piety under Cheibriados
   720 | D:2      | Gained mutation: You have a somewhat thin skeletal structure (Dex +2, Stealth). [demonic ancestry]
   720 | D:2      | Reached XP level 3. HP: 29/29 MP: 3/3
   721 | D:2      | Reached *** piety under Cheibriados
   752 | D:2      | Reached skill level 1 in Invocations
   768 | D:2      | Reached skill level 1 in Armour
   931 | D:2      | Found a sacrificial altar of Ru.
  1217 | D:3      | Reached XP level 4. HP: 35/35 MP: 5/5
  1230 | D:3      | Found a snail-covered altar of Cheibriados.
  1230 | D:3      | Found a burning altar of Makhleb.
  1309 | D:3      | Noticed asdu's ghost (weakling TeAE)
  1332 | D:3      | Killed asdu's ghost
  1332 | D:3      | Reached skill level 4 in Unarmed Combat
  1391 | D:3      | Reached **** piety under Cheibriados
  1621 | D:4      | Noticed Pikel
  1623 | D:4      | Noticed a slave
  1623 | D:4      | Noticed a slave
  1625 | D:4      | Noticed a slave
  1646 | D:4      | HP: 1/36 [Pikel/whip of electrocution (15)]
  1647 | D:4      | Mangled by Pikel

Action                   |  1- 3 |  4- 6 || total
-------------------------+-------+-------++-------
Melee: Unarmed           |   153 |    62 ||   215
  Use: Scroll            |     5 |     2 ||     7
       Potion            |     3 |       ||     3
 Stab: Sleeping          |     4 |       ||     4
  Eat: Bread ration      |       |     1 ||     1
